EVO
UNIVERSITY OF ILLINOIS FIGHTING ILLINI @ UNIVERSITY OF CALIFORNIA GOLDEN BEARS
11/24/2047
 
TOP OF THE 1ST
University of Illinois Fighting Illini batting - Pitching for University of California Golden Bears : LHP Leo Gomez
Pitching: LHP Leo Gomez
Batting: LHB Alex Ramos 0-0: Called Strike
0-1: DOUBLE (Groundball, 5L, EV 102.5 MPH)
Batting: SHB Dan Strickland 0-0: Swinging Strike
0-1: Ball
1-1: Foul Ball, location: 2F
1-2: Ball
2-2: Strikes out looking
Batting: LHB Alex Rivera 0-0: Ground out 4-3 (Groundball, 4M, EV 86.9 MPH)
Alex Ramos to third
Batting: RHB Qian Tai 0-0: Foul Ball, location: 2F
0-1: Foul Ball, location: 2F
0-2: Ball
Passed Ball!
Alex Ramos scores
1-2: Foul Ball, location: 2F
1-2: Ball
2-2: Ball
3-2: Base on Balls
Batting: SHB Adonis Jones 0-0: Foul Ball, location: 2F
0-1: Called Strike
0-2: Ball
Qian Tai steals 2nd base
1-2: Strikes out looking
Top of the 1st over - 1 run, 1 hit, 0 errors, 1 left on base; University of Illinois 1 - University of California 0
BOTTOM OF THE 1ST
University of California Golden Bears batting - Pitching for University of Illinois Fighting Illini : LHP Antonio Sandoval
Pitching: LHP Antonio Sandoval
Batting: LHB Luis Orellana 0-0: Ball
1-0: Bunt for hit to 23 - play at first, batter safe!
Batting: RHB Ken Hahn 0-0: Foul Ball, location: 2F
0-1: Called Strike
0-2: Strikes out swinging
Batting: LHB Carlos Gaona 0-0: Ball
1-0: Ball
2-0: Grounds into double play, 6-4-3 (Groundball, 6, EV 79.4 MPH)
Bottom of the 1st over - 0 runs, 1 hit, 0 errors, 0 left on base; University of Illinois 1 - University of California 0
TOP OF THE 2ND
University of Illinois Fighting Illini batting - Pitching for University of California Golden Bears : LHP Leo Gomez
Batting: LHB Antonio Sandoval 0-0: Ball
1-0: Reached on error, E5 (Groundball, 5L, EV 106.2 MPH)
Batting: SHB Josh Thomson 0-0: Fielders Choice at 2nd, 6-4 (Groundball, 6, EV 100.6 MPH)
Batting: RHB Edwardo Tanchez 0-0: Ball
1-0: Ball
2-0: Ball
3-0: Foul Ball, location: 2F
3-1: Called Strike
3-2: Foul Ball, location: 2F
3-2: Base on Balls
Josh Thomson to second
Batting: RHB Kyle Verkamp 0-0: Called Strike
0-1: Foul Ball, location: 2F
0-2: Strikes out swinging
Batting: LHB Alex Ramos 0-0: Ball
1-0: Fly out, F7 (Flyball, 78S, EV 84.4 MPH)
Top of the 2nd over - 0 runs, 0 hits, 1 error, 2 left on base; University of Illinois 1 - University of California 0
BOTTOM OF THE 2ND
University of California Golden Bears batting - Pitching for University of Illinois Fighting Illini : LHP Antonio Sandoval
Batting: RHB Nate Mahon 0-0: Swinging Strike
0-1: Ball
1-1: Called Strike
1-2: Ball
2-2: Ball
3-2: Base on Balls
Batting: RHB Steve Kirby 0-0: Called Strike
0-1: Called Strike
0-2: Ball
1-2: Fly out, F6 (Line Drive, 56, EV 71.2 MPH)
Batting: RHB Ivan Rivera 0-0: Ball
1-0: Called Strike
1-1: Foul Ball, location: 2F
1-2: SINGLE (Line Drive, 89S, EV 106.9 MPH)
Nate Mahon to second
Batting: RHB Shawn Jansen 0-0: Called Strike
0-1: Ball
1-1: Ball
2-1: Foul Ball, location: 2F
2-2: Strikes out swinging
Batting: LHB Pavla Markianov 0-0: Called Strike
0-1: Ball
1-1: Ball
2-1: Ball
3-1: Swinging Strike
3-2: Strikes out swinging
Bottom of the 2nd over - 0 runs, 1 hit, 0 errors, 2 left on base; University of Illinois 1 - University of California 0
TOP OF THE 3RD
University of Illinois Fighting Illini batting - Pitching for University of California Golden Bears : LHP Leo Gomez
Batting: SHB Dan Strickland 0-0: Ball
1-0: Called Strike
1-1: Swinging Strike
1-2: Ball
2-2: Foul Ball, location: 2F
2-2: Foul Ball, location: 2F
2-2: Foul Ball, location: 2F
2-2: Ball
3-2: Foul Ball, location: 2F
3-2: Base on Balls
Batting: LHB Alex Rivera 0-0: Foul Ball, location: 2F
0-1: Foul Ball, location: 2F
0-2: Foul Ball, location: 2F
0-2: Fly out, F8 (Flyball, 8LM, EV 85.0 MPH)
Batting: RHB Qian Tai 0-0: Ball
1-0: Called Strike
1-1: Ball
2-1: Ball
3-1: Swinging Strike
3-2: Strikes out swinging
Batting: SHB Adonis Jones 0-0: Ball
1-0: Ball
2-0: SINGLE (Flyball, 89M, EV 92.5 MPH)
Dan Strickland to second
Runner from 2nd tries for 3rd, SAFE, throw by CF made to third
Batting: LHB Antonio Sandoval 0-0: Ball
1-0: Fielders Choice at 2nd, 5-4 (Groundball, 5, EV 105.6 MPH)
Top of the 3rd over - 0 runs, 1 hit, 0 errors, 2 left on base; University of Illinois 1 - University of California 0
BOTTOM OF THE 3RD
University of California Golden Bears batting - Pitching for University of Illinois Fighting Illini : LHP Antonio Sandoval
Batting: RHB Juan Debayle 0-0: Ball
1-0: Foul Ball, location: 2F
1-1: Ball
2-1: Ground out 6-3 (Groundball, 6, EV 86.9 MPH)
Batting: LHB Luis Orellana 0-0: Called Strike
0-1: SOLO HOME RUN (Flyball, 89XD, EV 98.8 MPH), Distance : 413 ft
Batting: RHB Ken Hahn 0-0: Called Strike
0-1: Ball
1-1: Foul Ball, location: 2F
1-2: DOUBLE (Line Drive, 7LM, EV 98.8 MPH)
Batting: LHB Carlos Gaona 0-0: Ball
1-0: Swinging Strike
1-1: Ball
2-1: Swinging Strike
2-2: 2-RUN HOME RUN (Flyball, 89XD, EV 111.2 MPH), Distance : 433 ft
Batting: RHB Nate Mahon 0-0: Called Strike
0-1: Called Strike
0-2: Ball
1-2: Strikes out swinging
Batting: RHB Steve Kirby 0-0: SOLO HOME RUN (Flyball, 7D, EV 95.0 MPH), Distance : 368 ft
Batting: RHB Ivan Rivera 0-0: Fly out, F9 (Flyball, 9, EV 93.8 MPH)
Bottom of the 3rd over - 4 runs, 4 hits, 0 errors, 0 left on base; University of Illinois 1 - University of California 4
TOP OF THE 4TH
University of Illinois Fighting Illini batting - Pitching for University of California Golden Bears : LHP Leo Gomez
Batting: SHB Josh Thomson 0-0: Ball
1-0: Foul Ball, location: 2F
1-1: Ball
2-1: Foul Ball, location: 2F
2-2: Ground out 3-1 (Groundball, 34S, EV 90.6 MPH)
Batting: RHB Edwardo Tanchez 0-0: Ball
1-0: Ball
2-0: DOUBLE (Line Drive, 89D, EV 108.1 MPH)
Batting: RHB Kyle Verkamp 0-0: Ball
1-0: Ground out 5-3 (Groundball, 5, EV 100.6 MPH)
Batting: LHB Alex Ramos 0-0: Foul Ball, location: 2F
0-1: Foul Ball, location: 2F
0-2: Ground out 6-3 (Groundball, 6M, EV 103.1 MPH)
Top of the 4th over - 0 runs, 1 hit, 0 errors, 1 left on base; University of Illinois 1 - University of California 4
BOTTOM OF THE 4TH
University of California Golden Bears batting - Pitching for University of Illinois Fighting Illini : LHP Antonio Sandoval
Batting: RHB Shawn Jansen 0-0: Fly out, F9 (Flyball, 9LM, EV 92.5 MPH)
Batting: LHB Pavla Markianov 0-0: Foul Ball, location: 2F
0-1: Ball
1-1: Swinging Strike
1-2: Ball
2-2: Ball
3-2: Base on Balls
Batting: RHB Juan Debayle 0-0: Ball
1-0: Ball
2-0: Ball
3-0: Base on Balls
Pavla Markianov to second
Batting: LHB Luis Orellana 0-0: Ball
1-0: Ball
2-0: Ball
3-0: Called Strike
3-1: Base on Balls
Pavla Markianov to third
Juan Debayle to second
Batting: RHB Ken Hahn 0-0: Foul Ball, location: 2F
0-1: Ball
1-1: Swinging Strike
1-2: Ball
2-2: Strikes out swinging
Batting: LHB Carlos Gaona 0-0: Ball
1-0: Ball
2-0: Called Strike
2-1: Foul Ball, location: 2F
2-2: Ball
3-2: Strikes out swinging
Bottom of the 4th over - 0 runs, 0 hits, 0 errors, 3 left on base; University of Illinois 1 - University of California 4
TOP OF THE 5TH
University of Illinois Fighting Illini batting - Pitching for University of California Golden Bears : LHP Leo Gomez
Batting: SHB Dan Strickland 0-0: Swinging Strike
0-1: Ball
1-1: Ball
2-1: Swinging Strike
2-2: Ground out 6-3 (Groundball, 6, EV 100.6 MPH)
Batting: LHB Alex Rivera 0-0: Called Strike
0-1: Fly out, F8 (Flyball, 8LD, EV 92.5 MPH)
Batting: RHB Qian Tai 0-0: Called Strike
0-1: Foul Ball, location: 2F
0-2: Ball
1-2: Ball
2-2: Fly out, F8 (Flyball, 8RM, EV 91.9 MPH)
Top of the 5th over - 0 runs, 0 hits, 0 errors, 0 left on base; University of Illinois 1 - University of California 4
BOTTOM OF THE 5TH
University of California Golden Bears batting - Pitching for University of Illinois Fighting Illini : LHP Antonio Sandoval
Batting: RHB Nate Mahon 0-0: Called Strike
0-1: Ball
1-1: Ball
2-1: Swinging Strike
2-2: Strikes out swinging
Pitching: RHP Josh Rayburn
Batting: RHB Steve Kirby 0-0: Foul Ball, location: 2F
0-1: Foul Ball, location: 2F
0-2: Ball
1-2: Strikes out looking
Batting: RHB Ivan Rivera 0-0: DOUBLE (Line Drive, 7LM, EV 115.0 MPH)
Batting: RHB Shawn Jansen 0-0: Called Strike
0-1: Called Strike
0-2: Ball
1-2: Ball
2-2: Reached on error, E4 (Groundball, 4, EV 85.0 MPH)
Ivan Rivera to third
Batting: LHB Pavla Markianov 0-0: Ball
1-0: Foul Ball, location: 2F
1-1: Ground out U3 (Groundball, 3, EV 100.6 MPH)
Bottom of the 5th over - 0 runs, 1 hit, 1 error, 2 left on base; University of Illinois 1 - University of California 4
TOP OF THE 6TH
University of Illinois Fighting Illini batting - Pitching for University of California Golden Bears : LHP Leo Gomez
Pitching: LHP Adam Gavel
Batting: SHB Adonis Jones 0-0: Ball
1-0: Foul Ball, location: 2F
1-1: Ball
2-1: Swinging Strike
2-2: Foul Ball, location: 2F
2-2: Ball
3-2: Foul Ball, location: 2F
3-2: Ground out 6-3 (Groundball, 6, EV 90.0 MPH)
Batting: LHB Antonio Sandoval 0-0: Ball
1-0: Called Strike
1-1: Ball
2-1: SINGLE (Flyball, 34D, EV 86.9 MPH)
Batting: SHB Josh Thomson 0-0: Called Strike
0-1: Ball
1-1: Ball
2-1: Called Strike
2-2: Ball
3-2: Foul Ball, location: 2F
3-2: Foul Ball, location: 2F
3-2: Foul Ball, location: 2F
3-2: Foul Ball, location: 2F
3-2: Foul Ball, location: 2F
3-2: Base on Balls
Antonio Sandoval to second
Batting: RHB Edwardo Tanchez 0-0: Called Strike
0-1: Ball
1-1: Swinging Strike
1-2: Foul Ball, location: 2F
1-2: Ball
2-2: Ball
3-2: DOUBLE (Flyball, 8LD, EV 110.6 MPH)
Antonio Sandoval scores
Josh Thomson to third
Pitching: RHP Luis Lopez
Pinch Hitting: RHB Lance Borgen 0-0: Ball
1-0: Foul Ball, location: 2F
1-1: Foul Ball, location: 2F
1-2: Ball
2-2: Ball
3-2: Fly out, F9 (Flyball, 9LM, EV 102.5 MPH)
Runner from 3rd tags up, SCORES, throw by RF
Edwardo Tanchez to third
Batting: LHB Alex Ramos 0-0: Ground out 5-3 (Groundball, 56, EV 96.2 MPH)
Top of the 6th over - 2 runs, 2 hits, 0 errors, 1 left on base; University of Illinois 3 - University of California 4
BOTTOM OF THE 6TH
University of California Golden Bears batting - Pitching for University of Illinois Fighting Illini : RHP Josh Rayburn
Now in RF: Salvador Ramos
Batting: RHB Juan Debayle 0-0: Foul Ball, location: 2F
0-1: Ground out 6-3 (Groundball, 6, EV 105.6 MPH)
Batting: LHB Luis Orellana 0-0: Foul Ball, location: 2F
0-1: SINGLE (Groundball, 6MD, EV 106.2 MPH)
Batting: RHB Ken Hahn 0-0: Ball
1-0: Called Strike
1-1: Ball
2-1: Swinging Strike
2-2: Foul Ball, location: 2F
2-2: Ground out 6-3 (Groundball, 6, EV 101.9 MPH)
Luis Orellana to second
Batting: LHB Carlos Gaona 0-0: Called Strike
0-1: Swinging Strike
0-2: Ball
1-2: Ball
2-2: Ground out U3 (Groundball, 3, EV 82.5 MPH)
Bottom of the 6th over - 0 runs, 1 hit, 0 errors, 1 left on base; University of Illinois 3 - University of California 4
TOP OF THE 7TH
University of Illinois Fighting Illini batting - Pitching for University of California Golden Bears : RHP Luis Lopez
Batting: SHB Dan Strickland 0-0: SINGLE (Flyball, 6D, EV 91.2 MPH)
Pitching: LHP Chad Torres
Batting: LHB Alex Rivera 0-0: Foul Ball, location: 2F
0-1: Swinging Strike
0-2: Ball
1-2: Foul Ball, location: 2F
1-2: Ball
2-2: Ball
3-2: Foul Ball, location: 2F
3-2: Fly out, F9 (Flyball, 89S, EV 98.1 MPH)
Batting: RHB Qian Tai 0-0: Ball
1-0: Called Strike
1-1: Called Strike
1-2: Foul Ball, location: 2F
1-2: Foul Ball, location: 2F
1-2: Ball
2-2: Ball
3-2: Strikes out swinging
Batting: SHB Adonis Jones 0-0: Swinging Strike
0-1: Ball
1-1: Foul Ball, location: 2F
1-2: Fly out, F9 (Flyball, 9LM, EV 94.4 MPH)
Top of the 7th over - 0 runs, 1 hit, 0 errors, 1 left on base; University of Illinois 3 - University of California 4
BOTTOM OF THE 7TH
University of California Golden Bears batting - Pitching for University of Illinois Fighting Illini : RHP Josh Rayburn
Pitching: RHP Steve Powell
Batting: RHB Nate Mahon 0-0: Fly out, F7 (Line Drive, 7D, EV 92.5 MPH)
Batting: RHB Steve Kirby 0-0: Ball
1-0: Foul Ball, location: 2F
1-1: Foul Ball, location: 2F
1-2: Ball
2-2: Ball
3-2: Fly out, F9 (Line Drive, 9, EV 90.6 MPH)
Batting: RHB Ivan Rivera 0-0: Foul Ball, location: 2F
0-1: Ball
1-1: Ground out 5-3 (Groundball, 25, EV 79.4 MPH)
Bottom of the 7th over - 0 runs, 0 hits, 0 errors, 0 left on base; University of Illinois 3 - University of California 4
TOP OF THE 8TH
University of Illinois Fighting Illini batting - Pitching for University of California Golden Bears : LHP Chad Torres
Pitching: LHP Kimmo-Mikka Koistinen
Batting: LHB Antonio Sandoval 0-0: Called Strike
0-1: Called Strike
0-2: Fly out, F7 (Flyball, 7, EV 95.6 MPH)
Batting: SHB Josh Thomson 0-0: Ball
1-0: Foul Ball, location: 2F
1-1: Called Strike
1-2: Ball
2-2: Ball
3-2: SOLO HOME RUN (Flyball, 7D, EV 96.2 MPH), Distance : 362 ft
Batting: RHB Edwardo Tanchez 0-0: Ball
1-0: Swinging Strike
1-1: Foul Ball, location: 2F
1-2: Foul Ball, location: 2F
1-2: Fly out, F7 (Flyball, 78S, EV 73.8 MPH)
Batting: LHB Salvador Ramos 0-0: Ground out 4-3 (Groundball, 4, EV 106.9 MPH)
Top of the 8th over - 1 run, 1 hit, 0 errors, 0 left on base; University of Illinois 4 - University of California 4
BOTTOM OF THE 8TH
University of California Golden Bears batting - Pitching for University of Illinois Fighting Illini : RHP Steve Powell
Batting: RHB Shawn Jansen 0-0: Ball
1-0: Ball
2-0: Called Strike
2-1: Swinging Strike
2-2: Ball
3-2: Foul Ball, location: 2F
3-2: Base on Balls
Batting: LHB Pavla Markianov 0-0: Ball
1-0: Called Strike
1-1: Swinging Strike
1-2: Hit by Pitch
Shawn Jansen to second
Batting: RHB Juan Debayle 0-0: Called Strike
0-1: Sac Bunt to 15S - play at first, batter OUT! 1-4
Shawn Jansen to third
Pavla Markianov to second
Batting: LHB Luis Orellana 0-0: Ball
1-0: Called Strike
1-1: Swinging Strike
1-2: Ball
2-2: Strikes out swinging
Pitching: RHP Juan Velazquez
Batting: RHB Ken Hahn 0-0: Swinging Strike
0-1: Swinging Strike
0-2: Ball
1-2: Strikes out swinging
Bottom of the 8th over - 0 runs, 0 hits, 0 errors, 2 left on base; University of Illinois 4 - University of California 4
TOP OF THE 9TH
University of Illinois Fighting Illini batting - Pitching for University of California Golden Bears : LHP Kimmo-Mikka Koistinen
Pitching: LHP Jimmy Bolton
Batting: LHB Alex Ramos 0-0: Ball
1-0: Ground out 6-3 (Groundball, 6, EV 90.0 MPH)
Batting: SHB Dan Strickland 0-0: Swinging Strike
0-1: Ball
1-1: Swinging Strike
1-2: Ball
2-2: Ball
3-2: Base on Balls
Batting: LHB Alex Rivera 0-0: Foul Ball, location: 2F
0-1: SINGLE (Groundball, 34S, EV 90.0 MPH) (infield hit)
Dan Strickland to second
Batting: RHB Qian Tai 0-0: Foul Ball, location: 2F
0-1: Called Strike
0-2: Foul Ball, location: 2F
0-2: Ball
1-2: Foul Ball, location: 2F
1-2: Strikes out swinging
Batting: SHB Adonis Jones 0-0: Ball
1-0: Called Strike
1-1: Swinging Strike
1-2: Ball
2-2: Foul Ball, location: 2F
2-2: Ball
3-2: Base on Balls
Dan Strickland to third
Alex Rivera to second
Batting: LHB Antonio Sandoval 0-0: Ball
1-0: Called Strike
1-1: Called Strike
1-2: Ball
2-2: Strikes out swinging
Top of the 9th over - 0 runs, 1 hit, 0 errors, 3 left on base; University of Illinois 4 - University of California 4
BOTTOM OF THE 9TH
University of California Golden Bears batting - Pitching for University of Illinois Fighting Illini : RHP Juan Velazquez
Batting: LHB Carlos Gaona 0-0: Called Strike
0-1: SOLO HOME RUN (Flyball, 89XD, EV 111.2 MPH), Distance : 409 ft
Bottom of the 9th over - 1 run, 1 hit, 0 errors, 0 left on base; University of Illinois 4 - University of California 5
Thursday, December 15th , 2022 - OOTP Baseball 23.9 Build 102